 Dungeon Crawl Stone Soup version 0.30.0-10-gfe55d96785 (webtiles) character file.

Game seed: 5626899326636430207

8027 dolemite99 the Fighter (level 11, 0/86 HPs)
             Began as a Djinni Earth Elementalist on May 13, 2023.
             Was an Initiate of Gozag.
             Slain by a two-headed ogre
             ... wielding a +0 giant spiked club
              (17 damage)
             ... on level 11 of the Dungeon.
             The game lasted 00:21:49 (20482 turns).

dolemite99 the Fighter (Djinni Earth Elementalist) Turns: 20482, Time: 00:21:50

Health: 0/86       AC:  8    Str: 10    XL:     11   Next: 48%
Gold:   381        EV: 13    Int: 23    God:    Gozag SH:  5 Dex: 30

rFire   + + +        a - +2 shortbow "Seryho" {speed, rF+ rCorr Int+2 Dex+3}
rCold   + . .        (shield currently unavailable)
rNeg    . . .        F - +3 leather armour {rC+}
rPois   ∞            (no helmet)
rElec   +            (no cloak)
rCorr   +            m - +1 pair of gloves {Dex+3}
SInv    .            (boots unavailable)
Will    +....        q - amulet of Dosi {Reflect rElec Str+3 Dex+4 Slay+3 SH+5}
Stlth   +++          E - ring of protection from cold
HPRegen 0.34/turn    z - +6 ring of dexterity
MPRegen 0.00/turn

%: reflection, infuse magic (-1 HP)
@: flying
A: sickness immunity, fire resistance 2, cold vulnerability 1, float, innate
caster, HP casting, extra vitality 1
a: Renounce Religion, Potion Petition, Call Merchant, Bribe Branch


You were on level 11 of the Dungeon.
You worshipped Gozag.
Gozag was aware of your devotion.
You visited 2 branches of the dungeon, and saw 12 of its levels.

You collected 3755 gold pieces.
You spent 1900 gold pieces at shops.
You paid 1474 gold pieces to Gozag.

Inventory:

Hand Weapons
 a - the +2 shortbow "Seryho" (weapon) {speed, rF+ rCorr Int+2 Dex+3}
   (You found it on level 10 of the Dungeon)

   Int:       It affects your intelligence (+2).
   Dex:       It affects your dexterity (+3).
   rF:        It protects you from fire.
   rCorr:     It protects you from acid and corrosion.
 b - a +0 heavy rapier
 o - a +2 heavy sling
 C - a +0 scimitar of draining
Missiles
 A - 10 poisoned darts
Armour
 m - a +1 pair of gloves of dexterity (worn)
 F - a +3 leather armour of cold resistance (worn)
Jewellery
 q - the amulet of Dosi (around neck) {Reflect rElec Str+3 Dex+4 Slay+3 SH+5}
   (You bought it in a shop on level 7 of the Dungeon)

   [amulet of reflection]

   It reflects blocked missile attacks.
   Str:       It affects your strength (+3).
   Dex:       It affects your dexterity (+4).
   Slay:      It affects your accuracy & damage with ranged weapons and melee
   (+3).
   rElec:     It insulates you from electricity.
   SH:        It affects your SH (+5).
 z - a +6 ring of dexterity (right hand)
 E - a ring of protection from cold (left hand)
Wands
 f - a wand of flame (24)
 l - a wand of polymorph (5)
 x - a wand of iceblast (5)
Scrolls
 d - a scroll of fear
 g - a scroll of brand weapon
 n - a scroll of identify {@r1}
 s - a scroll of immolation
 t - 4 scrolls of teleportation
 u - a scroll of fog
Potions
 c - a potion of invisibility {unknown}
 e - 3 potions of might
 h - a potion of cancellation {unknown}
 i - 2 potions of heal wounds
 j - 2 potions of lignification {unknown}
 k - 2 potions of brilliance {unknown}
 p - 2 potions of haste {unknown}
 r - 5 potions of curing {unknown}
 v - 3 potions of mutation {unknown}
 D - a potion of berserk rage {unknown}


   Skills:
 + Level 10.6 Fighting
 + Level 6.9 Ranged Weapons
 - Level 2.1 Dodging
 - Level 1.5 Stealth
 - Level 8.5 Spellcasting


You knew the following spells:

 Your Spells              Type           Power      Damage    Failure   Level
a - Sandblast             Erth           98%        2d20      1%          1
b - Foxfire               Conj/Fire      100%       2x1d9     1%          1
c - Stone Arrow           Conj/Erth      98%        3d13      1%          3
d - Arcjolt               Conj/Air       24%        1d34      8%          5
e - Passwall              Tmut/Erth      40%        N/A       1%          2
f - Blink                 Tloc           98%        N/A       1%          2
g - Petrify               Tmut/Erth      49%        N/A       2%          4
h - Confusing Touch       Hex            49%        N/A       1%          3
i - Momentum Strike       Conj/Tloc      98%        3d10      1%          2
Your spell library was empty.

Dungeon Overview and Level Annotations

Branches:
Dungeon (11/15)            Temple (1/1) D:4
   Lair: D:8-11         Orc: D:9-12

Altars:
Ashenzari
Cheibriados
Dithmenos
Elyvilon
Fedhas
Gozag
Hepliaklqana
Makhleb
Nemelex Xobeh
Okawaru
Qazlal
Ru
Trog
Uskayaw
Wu Jian
Xom
Yredelemnul
Zin
The Shining One

Shops:
D:7 =   D:10 [

Annotations:
D:8 Psyche


Innate Abilities, Weirdness & Mutations

You are immune to sickness and miasma.
You are immune to poison.
Your flesh is very heat resistant. (rF++)
You are vulnerable to cold. (rC-)
You float through the air rather than walking.
You learn spells naturally, not from books.
Your magical power is your life essence.
You have superior vitality. (+4 MHP)


Message History

You shoot an arrow. The arrow hits the two-headed ogre!
The two-headed ogre is heavily wounded.
Fire: a) +2 shortbow "Seryho" {speed, rF+ rCorr Int+2 Dex+3}
Press: ? - help, Q - select action, (/) - cycle Shift-Dir - straight line, f/p - two-headed ogre
Aim: a two-headed ogre, wielding a +0 giant spiked club and a +0 giant club (heavily wounded, 84% to hit)
You shoot an arrow. The arrow hits the two-headed ogre.
The two-headed ogre is heavily wounded.
Casting: Stone Arrow (safe; 1% risk of failure)
Confirm with . or Enter, or press ? or * to list all spells.
Aiming: Stone Arrow (safe; 1% risk of failure)
Press: ? - help, Shift-Dir - straight line, f/p - two-headed ogre
Aim: a two-headed ogre, wielding a +0 giant spiked club and a +0 giant club (heavily wounded, 89% to hit)
The stone arrow misses the two-headed ogre.
Casting: Stone Arrow (safe; 1% risk of failure)
Confirm with . or Enter, or press ? or * to list all spells.
Aiming: Stone Arrow (safe; 1% risk of failure)
Press: ? - help, Shift-Dir - straight line, f/p - two-headed ogre
Aim: a two-headed ogre, wielding a +0 giant spiked club and a +0 giant club (heavily wounded, 89% to hit)
The stone arrow hits the two-headed ogre.
The two-headed ogre is heavily wounded.
Casting: Stone Arrow (safe; 1% risk of failure)
Confirm with . or Enter, or press ? or * to list all spells.
Aiming: Stone Arrow (safe; 1% risk of failure)
Press: ? - help, Shift-Dir - straight line, f/p - two-headed ogre
Aim: a two-headed ogre, wielding a +0 giant spiked club and a +0 giant club (heavily wounded, 89% to hit)
The stone arrow misses the two-headed ogre.
The two-headed ogre hits you with a +0 giant spiked club!!
The two-headed ogre hits you with a +0 giant club!
Casting: Stone Arrow (safe; 1% risk of failure)
Confirm with . or Enter, or press ? or * to list all spells.
Aiming: Stone Arrow (safe; 1% risk of failure)
Press: ? - help, Shift-Dir - straight line, f/p - two-headed ogre
Aim: a two-headed ogre, wielding a +0 giant spiked club and a +0 giant club (heavily wounded, 89% to hit)
The stone arrow hits the two-headed ogre!
The two-headed ogre is severely wounded.
The two-headed ogre hits you with a +0 giant spiked club!!
* * * LOW HITPOINT WARNING * * *
The two-headed ogre hits you with a +0 giant club!
You die...
Your body crumbles into a pile of gold.

#.#.........).(.#
#...............#
##.>............#
##.............#
#.............#
#.............#
#.............#
#....O........#
#....@........
#............
#...(........
#############


You could see a two-headed ogre.

Vanquished Creatures
  A two-headed ogre (D:9)
  A manticore (D:11)
  3 gargoyles
  3 trolls
  A shadow (D:10)
  3 wyverns
  15 yaks
  A steam dragon (D:7)
  2 acid dragons
  Duvessa (D:6)
  A water moccasin (D:7)
  3 orc warriors
  A sky beast (D:8)
  3 black bears
  3 centaurs
  2 kobold brigands
  Blork the orc (D:5)
  A bullfrog (D:7)
  A gnoll sergeant (D:10)
  Dowan (D:6)
  2 gnoll boudas
  2 orc priests
  3 jellies
  7 hounds
  2 sleepcaps
  4 iguanas
  3 orc wizards
  13 gnolls
  6 adders
  A white imp (D:7)
  An ufetubus (D:6)
  3 worms
  2 dart slugs (D:1)
  44 orcs
  5 ball pythons
  7 endoplasms
  2 giant cockroaches
  16 goblins
  11 hobgoblins
  6 jackals
  4 quokkas
  10 bats
  5 frilled lizards
  12 kobolds
  8 rats
227 creatures vanquished.

Vanquished Creatures (others)
  59 foxfires
59 creatures vanquished.

Grand Total: 286 creatures vanquished

Notes
Turn   | Place    | Note
-------+----------+-------------------------------------------
     0 | D:1      | dolemite99 the Djinni Earth Elementalist began the quest
                  | for the Orb.
     0 | D:1      | dolemite99 set off with the following spells memorised:
                  | Sandblast, Passwall, Stone Arrow, Petrify.
     0 | D:1      | Reached XP level 1. HP: 15/15 MP: 0/0
   106 | D:1      | Reached XP level 2. HP: 19/21 MP: 0/0
   462 | D:1      | Reached XP level 3. HP: 24/25 MP: 0/0
   462 | D:1      | Learned a level 1 spell: Foxfire
  1335 | D:2      | Reached XP level 4. HP: 28/31 MP: 0/0
  1636 | D:2      | Reached XP level 5. HP: 31/35 MP: 0/0
  1636 | D:2      | Learned a level 2 spell: Blink
  2121 | D:2      | Found a faded altar of an unknown god.
  2124 | D:2      | Prayed at the altar of an unknown god.
  2124 | D:2      | Became a worshipper of Elyvilon the Healer
  2124 | D:2      | Reached * piety under Elyvilon
  2517 | D:3      | Reached ** piety under Elyvilon
  3540 | D:4      | Found a staircase to the Ecumenical Temple.
  3566 | Temple   | Entered the Ecumenical Temple
  3758 | Temple   | Fell from the grace of Elyvilon
  3758 | Temple   | Became a worshipper of Gozag Ym Sagoz the Greedy
  4053 | D:4      | Reached skill level 1 in Fighting
  4334 | D:4      | Reached skill level 2 in Fighting
  4334 | D:4      | Reached XP level 6. HP: 43/43 MP: 0/0
  4599 | D:4      | Reached skill level 3 in Fighting
  5142 | D:5      | Entered Level 5 of the Dungeon
  5142 | D:5      | Noticed Blork the orc
  5146 | D:5      | Killed Blork the orc
  5598 | D:5      | Reached skill level 4 in Fighting
  5598 | D:5      | Reached XP level 7. HP: 52/52 MP: 0/0
  5598 | D:5      | Learned a level 2 spell: Momentum Strike
  5784 | D:5      | Found a burning altar of Makhleb.
  5815 | D:5      | Found a stormy altar of Qazlal.
  6182 | D:5      | Reached skill level 5 in Fighting
  6441 | D:5      | Reached skill level 6 in Fighting
  7518 | D:6      | Reached XP level 8. HP: 57/61 MP: 0/0
  7570 | D:6      | Identified the +2 ring mail "Anihal" {-Tele rC+ rCorr MP+9}
  7846 | D:6      | Found an iron altar of Okawaru.
  8445 | D:6      | Reached skill level 5 in Spellcasting
  8715 | D:6      | Noticed Duvessa
  8715 | D:6      | Noticed Dowan
  8720 | D:6      | Killed Duvessa
  8721 | D:6      | Killed Dowan
  9087 | D:7      | Identified a scroll of acquirement
  9087 | D:7      | Acquired 1267 gold pieces
  9095 | D:7      | Bought the amulet of Dosi {Reflect rElec Str+3 Dex+4 Slay+3
                  | SH+5} for 784 gold pieces
 10405 | D:7      | Reached XP level 9. HP: 20/67 MP: 0/0
 10405 | D:7      | Learned a level 3 spell: Confusing Touch
 11432 | D:8      | Reached skill level 7 in Fighting
 12082 | D:8      | Reached skill level 8 in Fighting
 12858 | D:8      | Noticed Psyche
 12896 | D:9      | Reached XP level 10. HP: 15/77 MP: 0/0
 13611 | D:9      | Reached skill level 9 in Fighting
 13613 | D:9      | Noticed a two-headed ogre
 13626 | D:9      | Killed a two-headed ogre
 15217 | D:9      | Found a basalt altar of Yredelemnul.
 15345 | D:7      | Bought a +6 ring of dexterity for 396 gold pieces
 15350 | D:7      | Bought a ring of protection from cold for 275 gold pieces
 15537 | D:8      | Reached skill level 1 in Ranged Weapons
 17069 | D:9      | Found a hide-covered altar of Uskayaw.
 18074 | D:9      | Found an opulent altar of Gozag.
 18110 | D:10     | Entered Level 10 of the Dungeon
 18823 | D:10     | Reached XP level 11. HP: 79/85 MP: 0/0
 18823 | D:10     | Learned a level 5 spell: Arcjolt
 18977 | D:10     | Reached skill level 5 in Ranged Weapons
 19124 | D:10     | Acquired 718 gold pieces
 19358 | D:10     | Bought a +3 leather armour of cold resistance for 264 gold
                  | pieces
 19374 | D:10     | Bought a +1 pair of gloves of dexterity for 181 gold pieces
 19566 | D:10     | Reached skill level 10 in Fighting
 19713 | D:10     | Identified the +2 shortbow "Seryho" {speed, rF+ rCorr Int+2
                  | Dex+3}
 20107 | D:11     | Noticed a manticore
 20151 | D:11     | Killed a manticore
 20467 | D:11     | Noticed a two-headed ogre
 20482 | D:11     | Slain by a two-headed ogre

Illustrated notes

Levels and vault maps discovered:
D:1:      lightli_arrival_boilingwater, layout_basic, grunt_decor_arrowhead
D:2:      layout_basic, shapermc_ecumenical_altar_mp_vishouse
D:3:      layout_loops_ring, cheibrodos_sewer_entry_bend
D:4:      layout_cave_pools, minmay_temple_entry_tees
D:5:      layout_basic, mainiacjoe_overflow_catwalk_spiral, uniq_blork_the_orc
D:6:      dreamdust_elfheim, layout_loops_ring, okawaru_altar_gauntlet_db
D:7:      layout_basic
D:8:      layout_loops_ring, enter_bailey_3, uniq_psyche
D:9:      layout_basic, mainiacjoe_overflow_tiny_flanked,
          hangedman_feature_mirror
D:10:     layout_loops_cross
D:11:     layout_basic, lair_entry_dummy,
          kennysheep_orc_monster_closet_entryway, serial_park_tiny_1,
          st_stairs_3
Temple:   regret_index_temple_chain_breaker

Skill      XL: |  1  2  3  4  5  6  7  8  9 10 11 |
---------------+----------------------------------+-----
Spellcasting   | 3 4 6 7 8 |  8.5
Fighting       | 2 4 6 8 9 10 | 10.6
Ranged Weapons | 4 6 |  6.9
Dodging        | |  2.1
Stealth        | |  1.5

Action                     |  1- 3 |  4- 6 |  7- 9 | 10-12 || total
---------------------------+-------+-------+-------+-------++-------
  Melee: Dagger            |       |     1 |       |       ||     1
         Rapier            |       |       |     3 |       ||     3
   Fire: Sling             |       |    86 |   105 |    80 ||   271
         Shortbow          |       |       |       |    15 ||    15
   Cast: Sandblast         |    39 |    51 |    24 |     3 ||   117
         Foxfire           |     4 |    10 |     3 |    18 ||    35
         Stone Arrow       |       |     5 |    52 |    59 ||   116
         Petrify           |       |       |     5 |     5 ||    10
 Invoke: Call Merchant     |       |       |     1 |     1 ||     2
  Evoke: Wand              |       |       |    13 |     1 ||    14
    Use: Scroll            |       |     8 |    11 |     5 ||    24
         Potion            |       |       |       |     4 ||     4
   Stab: Petrified         |       |       |     3 |       ||     3
 Armour: Robe              |     6 |    16 |    10 |       ||    32
         Leather armour    |       |       |     3 |    12 ||    15
  Dodge: Dodged            |    18 |    56 |    84 |    39 ||   197
  Block: Other             |       |       |    13 |    17 ||    30
         Reflection        |       |       |     4 |       ||     4
